AoeStats
← Ryzz

Fortress

508160686Analyzed
2v2 RM · 13d ago on Sep 21, 2026· 33m 55s· 4 players
Game mode
Random Map
Map size
Normal (6 player)
Population
200
Speed
Normal
Resources
Standard
Victory
Conquest
Starting age
Dark Age
Ending age
Imperial Age
RankedLock teamsTeams togetherTeam positionsShared explorationLock speedFull tech treeHidden civsTurbo modeCheats
Victory
Defeat
🇦🇺 Dravidians · Australia
1454
+12
🇦🇺 Sicilians · Australia
1452
+12
🇮🇳 Italians · India
1384
-12
🇳🇿 Berbers · New Zealand
1356
-12
Isaac
7:16 Feudal Age
11:54 Castle Age
9:53 Double-Bit Axe
9:54 Horse Collar
13:10 Bow Saw
13:03 Heavy Plow
16:00 Loom
17:56 Scale Mail Armor
19:18 Chain Mail Armor
20:07 Wheelbarrow
20:38 Squires
20:24 Arson
23:18 First Crusade
23:58 Forging
25:21 Iron Casting
28:03 Fletching
29:56 Hand Cart
33:52 Imperial Age
32:54 Town Watch
34:02 Gold Mining
34:04 Stone Mining
35:03 Plate Mail Armor
Henrì
6:44 Feudal Age
10:16 Castle Age
9:52 Double-Bit Axe
9:48 Horse Collar
11:52 Bow Saw
12:14 Heavy Plow
20:13 Loom
21:03 Wheelbarrow
20:14 Town Watch
21:17 Gold Mining
21:19 Stone Mining
25:07 Imperial Age
22:32 Fletching
23:37 Bodkin Arrow
23:44 Padded Archer Armor
24:11 Hand Cart
23:56 Town Patrol
24:29 Thumb Ring
25:44 Leather Archer Armor
26:02 Bracer
26:15 Elite Elephant Archer
28:33 Chemistry
27:58 Ballistics
29:45 Ring Archer Armor
29:33 Siege Elephant
Ryzz
7:07 Feudal Age
11:01 Castle Age
9:05 Double-Bit Axe
9:31 Horse Collar
14:51 Bow Saw
16:16 Loom
17:04 Heavy Plow
18:51 Wheelbarrow
18:31 Stone Mining
18:37 Gold Mining
18:39 Stone Mining
21:08 Stone Shaft Mining
22:48 Gold Shaft Mining
25:27 Imperial Age
23:19 Hand Cart
22:49 Town Watch
24:13 Fletching
24:24 Padded Archer Armor
24:46 Ballistics
25:51 Thumb Ring
25:52 Kasbah
25:55 Bodkin Arrow
26:15 Leather Archer Armor
26:47 Conscription
26:31 Husbandry
26:41 Bloodlines
28:22 Chemistry
27:24 Bracer
30:06 Town Patrol
32:44 Ring Archer Armor
31:42 Elite Camel Archer
Justin Credible
5:51 Loom
7:37 Feudal Age
9:33 Double-Bit Axe
12:14 Castle Age
10:37 Horse Collar
15:13 Wheelbarrow
16:48 Bow Saw
18:17 Hand Cart
18:46 Stone Mining
19:17 Town Watch
25:46 Imperial Age
23:55 Padded Archer Armor
23:58 Fletching
24:32 Ballistics
24:17 Gold Mining
25:43 Bodkin Arrow
28:47 Imperial Age
31:12 Chemistry
Connection lost

Rejoining the realm…

Still unreachable

The connection could not be restored.

Session expired

The server has moved on; the page needs a fresh start.